 Dungeon Crawl Stone Soup version 0.28.0-53-g5a82cb258f (webtiles) character file.

Game seed: 9488985716950419711

231 buhh the Skirmisher (level 6, -4/45 HPs)
             Began as an Octopode Transmuter on June 20, 2022.
             Slain by a kobold brigand
             ... wielding a +0 short sword
              (7 damage)
             ... in a sewer.
             The game lasted 00:05:25 (4034 turns).

buhh the Skirmisher (Octopode Transmuter)           Turns: 4034, Time: 00:05:26

Health: -4/45      AC:  1    Str: 10    XL:     6   Next: 3%
Magic:  9/9        EV: 13    Int: 17    God:
Gold:   50         SH:  0    Dex: 12    Spells: 8/9 levels left

rFire   . . .      SeeInvis .     - Unarmed
rCold   . . .      Faith    .   (no shield)
rNeg    . . .      Spirit   .   (helmet currently unavailable)
rPois   .          Reflect  .   (no amulet)
rElec   .          Harm     .   (no ring)
rCorr   .          Rampage  .   (no ring)
Will    .....                   (no ring)
Stlth   ++++......              (no ring)
HPRegen 0.15/turn               (no ring)
MPRegen 0.11/turn               (no ring)
                                (no ring)
                                (no ring)

@: mighty, lethally poisoned (-4 -> -6), appendages (expiring), attractive,
slowed, invisible, very slow
A: tentacle spike 3, almost no armour, amphibious, 8 rings, camouflage 1,
gelatinous body 1, nimble swimmer 1, tentacles
a: End Transformation


You were in a sewer.
One of your tentacles had grown a beastly spike.
You visited 1 branch of the dungeon, and saw 3 of its levels.
You also visited: Sewer.

You collected 50 gold pieces.

Inventory:

Missiles
 m - a curare-tipped dart
 G - 3 javelins
Jewellery
 o - an amulet of faith {!P}
Scrolls
 b - 2 scrolls of identify {unknown}
 d - a scroll of vulnerability {unknown}
 f - a scroll of enchant armour {unknown}
 i - 2 scrolls of teleportation {unknown}
 j - a scroll of magic mapping {unknown}
 l - 2 scrolls of fog {unknown}
 p - 2 scrolls of brand weapon {unknown}
Potions
 e - a potion of curing {unknown}
 g - a potion of haste {unknown}
 h - a potion of cancellation {unknown}
 k - a potion of flight {unknown}
 H - a potion of invisibility {!q!d}


   Skills:
 - Level 5.0 Fighting
 * Level 1.8 Throwing
 - Level 2.0 Dodging
 - Level 1.0 Stealth
 - Level 3.0 Unarmed Combat
 - Level 2.0 Spellcasting
 * Level 2.5 Transmutations


You had 8 spell levels left.
You knew the following spells:

 Your Spells              Type           Power      Damage    Failure   Level
a - Beastly Appendage     Tmut           20%        N/A       7%          1

Your spell library contained the following spells:

 Spells                   Type           Power      Damage    Failure   Level
 Wereblood                Tmut           10%        N/A       11%         2
 Static Discharge         Conj/Air       1%         N/A       28%         2
 Spider Form              Tmut/Pois      6%         N/A       34%         3
 Ice Form                 Ice/Tmut       6%         N/A       75%         4
 Lightning Bolt           Conj/Air       0%         1d11      99%         5
 Maxwell's Capacitive Co  Air            0%         ∞         100%        8


Dungeon Overview and Level Annotations

Branches:
Dungeon (3/15)              Sewer (1/1)

Altars:

Shops:
D:1 (


Innate Abilities, Weirdness & Mutations

One of your tentacles has grown a beastly spike.
You cannot wear most types of armour.
You are amphibious.
You can wear up to eight rings at the same time.
Your skin changes colour to match your surroundings (Stealth+).
Your rubbery body absorbs attacks. (AC +1, EV +1)
You are camouflaged when in or above water. (Stealth+)
You have tentacles for arms and can constrict up to eight enemies at once.


Message History

You have difficulty breathing.
You feel as though you will be slow longer.
Casting: Beastly Appendage (safe; 7% risk of failure)
Press: ? - help, Q - select action, (/) - cycle Dir - look around, f - activate One of your tentacles grows a vicious spike.
You feel extremely sick.
The kobold brigand throws a curare-tipped dart.
The curare-tipped dart closely misses you.
Your transformation is almost over.
* * * LOW HITPOINT WARNING * * *
You feel very sick.
The kobold brigand completely misses you.
The kobold brigand barely misses you.
You barely miss the kobold brigand. You grab the kobold brigand.
You squeeze the kobold brigand!
The kobold brigand is heavily wounded.
You constrict the kobold brigand.
* * * LOW HITPOINT WARNING * * *
You feel very sick.
The kobold brigand splashes around in the water.
It was a potion of invisibility.
You fade into invisibility!
H - a potion of invisibility You constrict the kobold brigand.
* * * LOW HITPOINT WARNING * * *
You feel very sick.
The kobold brigand is no longer moving slowly.
The kobold brigand looks more healthy.
The kobold brigand misses you.
It was a potion of attraction.
You feel attractive to monsters.
You constrict the kobold brigand.
* * * LOW HITPOINT WARNING * * *
You feel sick. The kobold brigand barely misses you.
It was a potion of might.
You feel very mighty all of a sudden.
You constrict the kobold brigand.
* * * LOW HITPOINT WARNING * * *
You feel sick.
The kobold brigand hits you with a +0 short sword!
You die...

≈≈##≈≈.. ≈.≈.≈≈.#
≈≈..≈≈## ≈≈.≈≈≈#
≈≈.≈.≈# ≈...≈≈#
≈≈..≈≈## #######
...≈≈..## #####≈K(≈(#
.≈##.≈≈.####≈≈≈≈@#
.####.≈≈≈≈≈.≈###≈≈≈≈!#
.## #≈≈..≈≈≈≈# #######
≈≈####≈.≈≈≈≈≈###.≈≈≈.#
.≈≈.########..≈≈≈#####
≈≈.≈.# #####≈†≈≈.#
#≈..≈# ####### ##≈≈.#
#.≈≈#


You could see a kobold brigand.

Vanquished Creatures
  Jessica (D:2)
  10 adders
  3 river rats (Sewer)
  7 worms
  A dart slug (D:2)
  5 endoplasms
  3 giant cockroaches
  7 goblins
  6 hobgoblins
  2 quokkas
  11 ball pythons
  5 bats
  A frilled lizard (D:1)
  7 kobolds
  6 rats
75 creatures vanquished.

Notes
Turn   | Place    | Note
-------+----------+-------------------------------------------
     0 | D:1      | buhh the Octopode Transmuter began the quest for the Orb.
     0 | D:1      | Reached XP level 1. HP: 13/13 MP: 3/3
   185 | D:1      | Found Xeamoas's Weapon Emporium.
   205 | D:1      | Reached XP level 2. HP: 7/19 MP: 3/5
   208 | D:1      | Reached skill level 2 in Fighting
   688 | D:1      | Reached XP level 3. HP: 17/25 MP: 6/6
  1094 | D:2      | Reached skill level 3 in Fighting
  1479 | D:2      | Reached XP level 4. HP: 31/33 MP: 7/7
  1500 | D:2      | Noticed Jessica
  1548 | D:2      | Killed Jessica
  1549 | D:2      | Reached skill level 4 in Fighting
  2183 | D:2      | Reached XP level 5. HP: 26/38 MP: 5/8
  2770 | D:3      | Found a glowing drain.
  2786 | Sewer    | Entered a sewer
  3032 | Sewer    | Noticed a kobold brigand
  3290 | Sewer    | Reached skill level 5 in Fighting
  3940 | Sewer    | Noticed a kobold brigand
  3951 | Sewer    | Reached XP level 6. HP: 40/45 MP: 7/9
  4034 | Sewer    | Slain by a kobold brigand

Illustrated notes

Levels and vault maps discovered:
D:1:      dpeg_arrival_arbitrary_b, layout_basic, serial_shops,
          nicolae_shop_stone, kennysheep_decorative_pillar
D:2:      layout_loops_ring, uniq_jessica
D:3:      layout_loops_corners, serial_shops, shop,
          shapermc_ecumenical_altar_hornbeckon, cheibrodos_sewer_entry_bend,
          uniq_crazy_yiuf_cottage
Sewer:    sewer_co_tree

Skill      XL: |  1  2  3  4  5 |
---------------+----------------+-----
Stealth        | 1 |  1.0
Fighting       | 2 3 4 5 |  5.0
Throwing       | 1 |  1.8
Dodging        | |  2.0
Unarmed Combat | |  3.0
Spellcasting   | |  2.0
Transmutations | |  2.5

Action                   |  1- 3 |  4- 6 || total
-------------------------+-------+-------++-------
Melee: Unarmed           |    54 |    97 ||   151
       Constrict         |    12 |    25 ||    37
       Kick              |     4 |    38 ||    42
       Tentacles         |     8 |    18 ||    26
       Punch             |       |     5 ||     5
Throw: Javelin           |    39 |       ||    39
       Dart              |       |     4 ||     4
 Cast: Beastly Appendage |     6 |    29 ||    35
  Use: Potion            |       |     3 ||     3
 Stab: Sleeping          |     4 |    13 ||    17
Armor: Skin              |     4 |     5 ||     9
Dodge: Dodged            |    33 |    41 ||    74
